 Dungeon Crawl Stone Soup version 0.31-a0-1074-g0b22e4e0f1 (webtiles) character file.

Game seed: 5151627600731279272

784 Lobster4 the Mimic (level 7, 0/76 HPs)
             Began as a Merfolk Shapeshifter on Nov 27, 2023.
             Was a Believer of Uskayaw.
             Slain by a scorpion (1 damage)
             ... on level 5 of the Dungeon.
             The game lasted 00:15:46 (5241 turns).

Lobster4 the Mimic (Merfolk Shapeshifter)           Turns: 5241, Time: 00:15:47

Health: 0/76       AC: 30    Str: 16    XL:     7   Next: 86%
Magic:  9/9        EV:  2    Int: 10    God:    Uskayaw [**....]
Gold:   201        SH:  0    Dex: 13    Spells: 6/6 levels left

rFire   . . .        n - +0 mace (protect)
rCold   + . .        (no shield)
rNeg    . . .        r - melded +0 chain mail
rPois   +            (helmet currently unavailable)
rElec   .            (cloak currently unavailable)
rCorr   .            (gloves currently unavailable)
SInv    .            (boots currently unavailable)
Will    .....        (no amulet)
Stlth   +            D - ring of protection from cold
HPRegen 0.32/turn    E - ring of poison resistance
MPRegen 0.11/turn

%: no passive effects
@: confused, tree-form, under a protective aura, attractive
A: stationary, stasis, torment immunity, boosted hp, (nimble swimmer 2),
(mertail)
a: Renounce Religion, Stomp, Line Pass


You were on level 5 of the Dungeon.
You worshipped Uskayaw.
Uskayaw was noncommittal.
You were a tree.
You visited 1 branch of the dungeon, and saw 5 of its levels.
You also visited: Sewer.

You collected 201 gold pieces.

Inventory:

Hand Weapons
 a - a +0 short sword
 n - a +0 mace of protection (weapon)
 B - a +0 trident
 I - a +0 sling
Missiles
 j - 26 stones
 w - 3 poisoned darts (quivered)
 H - 5 boomerangs
Armour
 i - a +0 pair of gloves
 r - a +0 chain mail (melded)
 s - a +0 leather armour
 u - a +0 ring mail
 y - a scarf of harm
 C - a +0 hat
Jewellery
 e - a ring of flight
 D - a ring of protection from cold (left branch)
 E - a ring of poison resistance (right branch)
Talismans
 c - a beast talisman (active)
 d - a flux talisman
Scrolls
 l - a scroll of amnesia {unknown}
 m - a scroll of butterflies
 o - 2 scrolls of silence {unknown}
 p - a scroll of immolation
 q - a scroll of teleportation
 t - a scroll of fog
 v - a scroll of blinking
 x - 2 scrolls of enchant armour
 z - a scroll of noise
 F - a scroll of identify
 G - a scroll of vulnerability {unknown}
Potions
 b - 2 potions of lignification
 g - 5 potions of enlightenment
 h - 2 potions of brilliance
 A - 3 potions of degeneration


   Skills:
 + Level 2.5 Fighting
 - Level 1.0 Armour
 + Level 3.5 Dodging
 + Level 4.3 Unarmed Combat
 - Level 3.0 Invocations
 * Level 9.0 Shapeshifting


You had 6 spell levels left.
You didn't know any spells.
Your spell library contained the following spells:

 Spells                   Type           Power      Damage    Failure   Level
 Magic Dart               Conj           0%         1d3       36%         1
 Searing Ray              Conj           0%         2d4       50%         2
 Summon Guardian Golem    Hex/Summ       0%         N/A       75%         3
 Fulminant Prism          Conj/Hex       0%         3d5       98%         4
 Orb of Destruction       Conj           0%         9d5       100%        7
 Spellforged Servitor     Conj/Summ      0%         N/A       100%        7


Dungeon Overview and Level Annotations

Branches:
Dungeon (5/15)              Sewer (visited)
 Temple: D:4-7

Altars:
Ashenzari
Fedhas
Gozag
Hepliaklqana
Uskayaw

Annotations:
D:3 2 transporters
D:5 Menkaure, Prince Ribbit


Innate Abilities, Weirdness & Mutations

You are a tree.
Your roots penetrate the ground, keeping you stationary.
You cannot be teleported.
You are immune to unholy pain and torment.
Your maximum health is greatly increased.
Your equipment is partially melded.
((You are very nimble when in or above water. (Stealth+, EV+, Speed+++)))
((Your lower body shifts to a powerful aquatic tail in water.))


Message History

Something is attracted toward you.
Unknown command.
Your transformation has ended.
You turn into a tree.
Your +0 chain mail melds into your body.
Your roots penetrate the ground.
The scorpion stings you but does no damage.
Something hits you but does no damage. The adder bites you but does no damage.
The orc priest barely misses you.
The scorpion stings you but does no damage.
You sock the adder!
You kill the adder!
You hear some strange, mumbled words.
Something tries to affect you, but you resist.
The scorpion stings you but does no damage.
The orc priest hits you but does no damage.
Something hits you but does no damage.
Your Shapeshifting skill increases to level 9!
You sock the orc priest!
The orc priest is heavily wounded.
The scorpion stings you but does no damage.
The orc hits you with a +0 hand axe.
* * * LOW HITPOINT WARNING * * *
The orc priest hits you but does no damage.
Something hits you but does no damage.
The scorpion stings you but does no damage.
The orc hits you but does no damage. The orc priest hits you with a +0 mace.
* * * LOW HITPOINT WARNING * * *
You can now pass through a line of other dancers.
Okay, then.
You hit the orc priest but do no damage.
Your punch misses the orc priest.
The orc priest is heavily wounded.
The scorpion stings you but does no damage.
You hear some strange, mumbled words.
You are confused.
The orc hits you but does no damage. The orc priest hits you with a +0 mace.
* * * LOW HITPOINT WARNING * * *
The scorpion stings you.
You die...

###.......# ####..#.....##
###..##.#....#####
#....#........#..#
##...#...........#
##...............## ##..#
#..............#..##
##...####............##...#
#..#..#.#.##...♣.....##...###
#.#.......#.#soo...........##
#......#...................#
###.....###...#..............#
##...#....##.....##.............
#................#...............
........#<.....>.##.........#....
.......................##........
........................ .......


You could see a scorpion, an orc priest and an orc.

Vanquished Creatures
  Grinder (D:3)
  Eustachio (D:4)
  A jelly (D:4)
  2 orc priests (D:4)
  2 sleepcaps (D:4)
  An orc wizard (D:4)
  12 adders
  A gnoll (D:4)
  5 river rats (Sewer)
  A white imp (D:4)
  3 worms
  2 dart slugs
  9 orcs
  12 ball pythons
  9 bats
  8 endoplasms
  4 giant cockroaches
  7 goblins
  7 hobgoblins
  A jackal (Sewer)
  6 quokkas
  6 frilled lizards
  8 kobolds
  11 rats
120 creatures vanquished.

Vanquished Creatures (others)
  A goblin (D:4)
1 creature vanquished.

Grand Total: 121 creatures vanquished

Notes
Turn   | Place    | Note
-------+----------+-------------------------------------------
     0 | D:1      | Lobster4 the Merfolk Shapeshifter began the quest for the
                  | Orb.
     0 | D:1      | Reached XP level 1. HP: 15/15 MP: 1/1
   175 | D:1      | Reached XP level 2. HP: 21/21 MP: 2/2
   474 | D:1      | Reached XP level 3. HP: 22/27 MP: 3/3
  1224 | D:2      | Reached skill level 5 in Shapeshifting
  1224 | D:2      | Reached XP level 4. HP: 33/33 MP: 4/4
  1415 | D:2      | Found a blossoming altar of Fedhas.
  2221 | D:3      | Found a transporter.
  2274 | D:3      | Found a broken altar of Ashenzari.
  2374 | D:3      | Found a hide-covered altar of Uskayaw.
  2405 | D:3      | Became a worshipper of Uskayaw the Reveller
  2496 | D:3      | Reached * piety under Uskayaw
  2545 | D:3      | Noticed Grinder
  2636 | D:3      | Paralysed by Grinder for 4 turns
  2705 | D:4      | Found a glowing drain.
  2712 | Sewer    | Entered a sewer
  2859 | Sewer    | Reached ** piety under Uskayaw
  2860 | Sewer    | Reached XP level 5. HP: 14/38 MP: 5/5
  3039 | Sewer    | Reached skill level 1 in Armour
  3120 | Sewer    | Reached skill level 1 in Invocations
  3274 | Sewer    | Reached skill level 6 in Shapeshifting
  3580 | D:4      | Reached XP level 6. HP: 40/44 MP: 7/7
  3833 | D:4      | Reached skill level 7 in Shapeshifting
  3836 | D:4      | Reached *** piety under Uskayaw
  4260 | D:3      | Paralysed by Grinder for 2 turns
  4288 | D:3      | Paralysed by Grinder for 4 turns
  4295 | D:3      | Killed Grinder
  4296 | D:3      | Reached skill level 8 in Shapeshifting
  4296 | D:3      | Reached XP level 7. HP: 27/50 MP: 9/9
  4403 | D:3      | Found an opulent altar of Gozag.
  4522 | D:3      | Found a transporter.
  4605 | D:4      | Found a hazy altar of Hepliaklqana.
  4733 | D:5      | Entered Level 5 of the Dungeon
  4776 | D:5      | Noticed Eustachio
  4797 | D:4      | Killed Eustachio
  4918 | D:5      | Noticed Menkaure
  4920 | D:5      | Noticed Prince Ribbit
  5240 | D:5      | Reached skill level 9 in Shapeshifting
  5240 | D:5      | HP: 3/76 [orc priest/+0 mace (2)]
  5241 | D:5      | HP: 1/76 [orc priest/+0 mace (3)]
  5241 | D:5      | Slain by a scorpion

Illustrated notes

Levels and vault maps discovered:
D:1:      onia_arrival_mini_maze_b, layout_basic, nicolae_houndstooth_variations
D:2:      layout_basic, basic_altar
D:3:      gammafunk_steamed_eel, layout_loops_ring, mainiacjoe_overflow_catwalk,
          cheibrodos_ashenzari_chains, mainiacjoe_overflow_brackets,
          uniq_grinder
D:4:      layout_basic, nicolae_hepliaklqana_hazy_memory,
          cheibrodos_sewer_entry_drain
D:5:      layout_cave_pools, uniq_menkaure, uniq_prince_ribbit1, uniq_eustachio

Skill      XL: |  1  2  3  4  5  6  7 |
---------------+----------------------+-----
Dodging        | 3 |  3.5
Fighting       | 2 |  2.5
Shapeshifting  | 5 6 8 9 |  9.0
Unarmed Combat | 4 |  4.3
Armour         | 1 |  1.0
Invocations    | 2 3 |  3.0

Action                     |  1- 3 |  4- 6 |  7- 9 || total
---------------------------+-------+-------+-------++-------
  Melee: Unarmed           |    38 |       |       ||    38
         Mace              |    63 |   222 |    45 ||   330
         Punch             |     4 |     8 |     1 ||    13
         Tailslap          |       |     7 |       ||     7
         Spear             |       |    10 |       ||    10
  Throw: Dart              |       |    13 |     4 ||    17
    Use: Scroll            |       |     7 |     4 ||    11
         Potion            |       |     2 |     4 ||     6
   Stab: Paralysed         |       |     3 |       ||     3
         Distracted        |       |     1 |       ||     1
         Invisible         |       |     1 |       ||     1
 Armour: Animal skin       |    46 |       |       ||    46
         Chain mail        |    36 |   256 |    72 ||   364
         Skin              |       |       |    18 ||    18
  Dodge: Dodged            |    78 |   151 |    35 ||   264
   Form: Beast             |     3 |       |     1 ||     4
                           |     1 |       |     1 ||     2
         Flux              |     1 |       |       ||     1

Table legend: (Time is in decaauts)
 A = Elapsed time spent in this place.
 B = Non-inter-level travel time spent in this place.
 C = Inter-level travel time spent in this place.
 D = Time resting spent in this place.
 E = Time spent auto-exploring this place.
 F = Levels seen in this place.
 G = Mean time per level.
                   A        B        C        D        E       F      G
               +--------+--------+--------+--------+--------+-----+--------+
         Total |   5251 |   4846 |    405 |    487 |   3003 |   6 |  875.2 |
       Dungeon |   4517 |   4112 |    405 |    285 |   2729 |   5 |  903.4 |
         Sewer |    734 |    734 |      0 |    202 |    274 |   1 |  734.0 |
               +--------+--------+--------+--------+--------+-----+--------+

Top non-repeatable levels by time:
     D:2: 1251 daAuts
     D:4: 1161 daAuts
     D:1: 1026 daAuts
     D:3: 890 daAuts
   Sewer: 734 daAuts
     D:5: 188 daAuts
